 Dungeon Crawl Stone Soup version 0.13-a0-1502-g99810c3 (webtiles) character file.

619 Kae the Archer (level 6, -1/48 HPs)
             Began as a Centaur Hunter on June 8, 2013.
             Killed from afar by Edmund (4 damage)
             ... with a wand of magic darts
             ... on Level 4 of the Dungeon.
             The game lasted 00:06:19 (3957 turns).

Kae the Archer (Centaur Hunter)                     Turns: 3957, Time: 00:06:19

HP  -1/48        AC  5     Str 14      XL: 6   Next: 61%
MP   4/4         EV  9     Int 10      God:
Gold 201         SH  0     Dex 12      Spells:  0 memorised,  5 levels left

Res.Fire  : + . .   See Invis. : .   a - +0,+1 short sword
Res.Cold  : . . .   Warding    : .   D - +0 mottled dragon hide
Life Prot.: . . .   Conserve   : +   (no shield)
Res.Poison: +       Res.Corr.  : .   (no helmet)
Res.Elec. : .       Clarity    : .   (no cloak)
Sust.Abil.: . .     Spirit.Shd : .   w - +0 pair of gauntlets
Res.Mut.  : .       Stasis     : .   (no barding)
Res.Rott. : .       Flight     : .   B - amulet of conservation
Saprovore : . . .                    E - ring of poison resistance
                                     u - ring of protection from fire

@: very quick, slightly resistant to hostile enchantments, very unstealthy
A: hooves 3, deformed body, herbivore 1, speed 2, fast metabolism 1, tough skin
3
a: no special abilities


You were on level 4 of the Dungeon.
You were not hungry.

You visited 1 branch of the dungeon, and saw 4 of its levels.

You collected 181 gold pieces.

Inventory:

Hand weapons
 a - a +0,+1 short sword (weapon)
 b - a +1,+1 bow
Missiles
 c - 62 arrows
Armour
 d - a +0 leather armour
 w - a +0 pair of gauntlets (worn)
 x - a +0 ring mail
 D - a +0 mottled dragon hide (worn)
Magical devices
 j - a wand of cold (7) {unknown}
 y - a wand of random effects (9) {unknown}
Comestibles
 f - 3 bread rations
 g - 2 chunks of scorpion flesh
 l - a choko
 t - 2 meat rations
Scrolls
 e - 2 scrolls of remove curse
 s - a scroll of random uselessness
Jewellery
 u - a ring of protection from fire (left hand)
 z - an uncursed ring of life protection
 A - an uncursed ring of ice
 B - an amulet of conservation (around neck)
 E - a ring of poison resistance (right hand)
Potions
 h - 2 potions of restore abilities {unknown}
 i - 2 potions of resistance {unknown}
 k - a potion of cure mutation {unknown}
 m - a potion of brilliance {unknown}
 n - a potion of speed {unknown}
 q - a potion of confusion {unknown}
 r - 3 potions of curing {unknown}
 F - a potion of heal wounds {unknown}


   Skills:
 - Level 1.0 Fighting
 + Level 10.4 Bows
 - Level 1.3 Dodging
 - Level 0.5 Stealth


You had 5 spell levels left.
You didn't know any spells.

Dungeon Overview and Level Annotations

Branches:
Dungeon (4/27)
 Temple: D:4-7

Altars:
Trog
the Shining One

Annotations
D:4 Edmund


Innate Abilities, Weirdness & Mutations

You have hooves in place of feet.
Armour fits poorly on your strangely shaped body.
You digest meat inefficiently.
You cover ground very quickly.
You have a fast metabolism.
You have extremely tough skin (AC +3).


Message History

You hit Edmund. Your kick misses Edmund.
Edmund is lightly wounded.
Edmund zaps a wand.
The magic dart hits you!
You hit Edmund.
Edmund is lightly wounded.
Edmund zaps a wand.
The magic dart hits you!
* * * LOW HITPOINT WARNING * * *
Edmund zaps a wand.
The magic dart hits you!
* * * LOW HITPOINT WARNING * * *
You spend a moment contemplating the meaning of life.
Edmund is nearby!
You spend a moment contemplating the meaning of life.
Edmund is nearby!
You are too injured to fight recklessly!
You are too injured to fight recklessly!
You are too injured to fight recklessly!
Edmund zaps a wand.
The magic dart hits you!
* * * LOW HITPOINT WARNING * * *
Edmund zaps a wand.
The magic dart hits you!
You die...

########.####### ..
...##........... .
....###.#..#..###### .#
#..........###..## #.#
.#..###..## ##..### #.# #
##..## +#...# ##.##
#.##..## ##..###...##
#......## +#...##.....#
#.####..## #.@.........#
..#.......###..#####@.?..#
###.####.#..#..# ##....#
#............# ##@#.#
#######......# #.%..# ###
##.......# #..#..# ..#
##...####.# ##.. #.# ..#
#.........# #.# .. ..#
##...###### ..


You could see Edmund.

Vanquished Creatures
  The ghost of Kae the Archer, an average CeHu (D:4)
  An iguana (D:4)
  A scorpion (D:4)
  A worker ant (D:4)
  An orc wizard (D:3)
  4 gnolls (D:3)
  4 adders
  A giant mite (D:2)
  2 worms
  A bat skeleton (D:4)
  2 giant geckos
  An ooze (D:2)
  3 orcs (D:3)
  5 giant cockroaches
  4 goblins
  4 hobgoblins
  4 jackals
  7 kobolds
  2 quokkas (D:3)
  6 bats
  15 giant newts
  A hobgoblin skeleton (D:4)
  7 rats
78 creatures vanquished.

Vanquished Creatures (others)
  A goblin (D:2)
  A rat (D:1)
2 creatures vanquished.

Grand Total: 80 creatures vanquished

Notes
Turn   | Place    | Note
--------------------------------------------------------------
     0 | D:1      | Kae, the Centaur Hunter, began the quest for the Orb.
     0 | D:1      | Reached XP level 1. HP: 17/17 MP: 0/0
     5 | D:1      | Noticed a seven-headed hydra
     5 | D:1      | Noticed a hound
     5 | D:1      | Noticed a komodo dragon
     5 | D:1      | Noticed a grizzly bear
     5 | D:1      | Noticed a redback
   344 | D:1      | Reached XP level 2. HP: 22/24 MP: 1/1
   481 | D:1      | Reached skill level 6 in Bows
   952 | D:2      | Reached XP level 3. HP: 24/29 MP: 2/2
  1188 | D:2      | Reached skill level 7 in Bows
  1303 | D:2      | Found a glowing golden altar of the Shining One.
  1848 | D:3      | Noticed a moth of wrath
  1850 | D:3      | Found a bloodstained altar of Trog.
  1967 | D:3      | Reached XP level 4. HP: 13/36 MP: 2/2
  2205 | D:3      | Reached skill level 8 in Bows
  2436 | D:3      | Reached XP level 5. HP: 33/41 MP: 3/3
  2859 | D:4      | Noticed Kae's ghost (average CeHu)
  3291 | D:4      | Killed Kae's ghost
  3291 | D:4      | Reached skill level 10 in Bows
  3291 | D:4      | Reached XP level 6. HP: 37/48 MP: 4/4
  3940 | D:4      | Noticed Edmund
  3957 | D:4      | Killed from afar by Edmund

Action                   |  1- 3 |  4- 6 || total
-------------------------+-------+-------++-------
Melee: Short sword       |   178 |    94 ||   272
 Fire: Bow               |     1 |    44 ||    45
  Use: Scroll            |       |    10 ||    10
